 Dungeon Crawl Stone Soup version 0.28.0-49-g6dfe1f597d (webtiles) character file.

Game seed: 14962033400772714828

78 pbellow the Covered (level 4, 0/40 HPs)
             Began as a Hill Orc Fighter on May 15, 2022.
             Slain by a kobold
             ... wielding a +0 dagger of venom
              (2 damage)
             ... on level 3 of the Dungeon.
             The game lasted 00:03:37 (1754 turns).

pbellow the Covered (Hill Orc Fighter)              Turns: 1754, Time: 00:03:40

Health: 0/40       AC: 11    Str: 20    XL:     4   Next: 36%
Magic:  4/4        EV:  9    Int:  8    God:
Gold:   81         SH:  4    Dex: 10    Spells: 3/3 levels left

rFire   . . .      SeeInvis .   a - +0 war axe
rCold   . . .      Faith    .   c - +0 buckler
rNeg    . . .      Spirit   .   b - +0 scale mail
rPois   .          Reflect  .   (no helmet)
rElec   .          Harm     .   p - +2 cloak
rCorr   .          Rampage  .   m - +0 pair of gloves
Will    .....                   (no boots)
Stlth   ..........              (no amulet)
HPRegen 0.13/turn               (no ring)
MPRegen 0.09/turn               (no ring)

@: lethally poisoned (0 -> -14), attractive
A: no striking features
a: no special abilities


You were on level 3 of the Dungeon.
You visited 1 branch of the dungeon, and saw 3 of its levels.

You collected 81 gold pieces.

Inventory:

Hand Weapons
 a - a +0 war axe (weapon)
 h - a +0 dagger
Armour
 b - a +0 scale mail (worn)
 c - a +0 buckler (worn)
 m - a +0 pair of gloves (worn)
 p - a +2 cloak (worn)
Jewellery
 k - a +6 ring of dexterity
Wands
 i - a wand of digging (8)
 l - a wand of iceblast (7)
Scrolls
 e - 4 scrolls of identify {unknown}
 f - a scroll of blinking {unknown}
 g - 2 scrolls of teleportation {unknown}
 o - a scroll of holy word {unknown}
Potions
 d - a potion of might
 n - a potion of brilliance {unknown}


   Skills:
 + Level 4.2 Fighting
 + Level 4.0 Axes
 + Level 4.2 Armour
 + Level 0.1 Dodging
 + Level 3.5 Shields


You had 3 spell levels left.
You didn't know any spells.
Your spell library contained the following spells:

 Spells                   Type           Power      Damage    Failure   Level
 Ensorcelled Hibernation  Hex/Ice        0%         N/A       94%         2
 Spider Form              Tmut/Pois      0%         N/A       99%         3
 Anguish                  Hex/Necr       0%         N/A       100%        4


Dungeon Overview and Level Annotations

Branches:
Dungeon (3/15)

Altars:


Message History

You hit the kobold but do no damage.
You feel very sick. The kobold hits you but does no damage.
You are more poisoned.
You closely miss the kobold.
You feel very sick.
The kobold hits you with a +0 dagger of venom.
You closely miss the kobold.
You feel very sick. The kobold hits you but does no damage.
You block the kobold's attack.
You barely miss the kobold. You barely miss the rat.
You feel very sick. You block the rat's attack.
The kobold hits you but does no damage.
You are more poisoned.
You hit the kobold but do no damage. You hit the frilled lizard.
You kill the frilled lizard!
You barely miss the rat.
You feel very sick. The rat bites you.
* * * LOW HITPOINT WARNING * * *
The kobold barely misses you.
* * * LOW HITPOINT WARNING * * *
You feel sick.
You hit the rat.
The rat is heavily wounded.
You barely miss the kobold.
* * * LOW HITPOINT WARNING * * *
You feel very sick. The rat bites you but does no damage.
The kobold closely misses you. You block the rat's attack.
The kobold hits you with a +0 dagger of venom.
* * * LOW HITPOINT WARNING * * *
You are more poisoned.
It was a potion of attraction.
You feel attractive to monsters.
* * * LOW HITPOINT WARNING * * *
You feel very sick. The rat bites you but does no damage.
The kobold hits you with a +0 dagger of venom.
You die...

..## .... .....
..... ...... .##
......# .. ..
.......#### .# #..
.......r@.###.##..#
.....#.K#.#......#
... ##...)......# .
#####......#
#!.<...## #........
#........
#####......##
#.<.......##


You could see a kobold and a rat.

Vanquished Creatures
  2 adders (D:2)
  2 dart slugs (D:2)
  3 bats
  3 endoplasms
  6 goblins
  5 hobgoblins
  7 jackals (D:1)
  2 quokkas (D:1)
  3 ball pythons
  4 frilled lizards
  6 kobolds
  10 rats
53 creatures vanquished.

Notes
Turn   | Place    | Note
-------+----------+-------------------------------------------
     0 | D:1      | pbellow the Hill Orc Fighter began the quest for the Orb.
     0 | D:1      | Reached XP level 1. HP: 19/19 MP: 1/1
   267 | D:1      | Reached XP level 2. HP: 23/27 MP: 2/2
   580 | D:1      | Reached XP level 3. HP: 31/33 MP: 3/3
  1175 | D:2      | Reached XP level 4. HP: 34/40 MP: 4/4
  1754 | D:3      | HP: 2/40 [poisoned by a kobold]
  1754 | D:3      | Slain by a kobold

Illustrated notes

Levels and vault maps discovered:
D:1:      mrwooster_arrival_statue_2, layout_loops_cross, st_stairs_9
D:2:      layout_basic, minmay_bisected
D:3:      layout_rooms

Skill      XL: |  1  2  3  4 |
---------------+-------------+-----
Fighting       | 4 |  4.2
Axes           | 3 4 |  4.0
Armour         | 4 |  4.2
Dodging        | |  0.1
Shields        | |  3.5

Action                   |  1- 3 |  4- 6 || total
-------------------------+-------+-------++-------
Melee: War axe           |    94 |    25 ||   119
  Use: Potion            |       |     1 ||     1
Armor: Scale mail        |    50 |    27 ||    77
Dodge: Dodged            |    45 |    15 ||    60
Block: Buckler           |    20 |     9 ||    29
